 Dungeon Crawl Stone Soup version 0.30-a0-242-g7bf8e6d787 (webtiles) character file.

Game seed: 6047519119094565295

1015 gzilladon the Shield-Bearer (level 8, -5/67 HPs)
             Began as a Gnoll Fighter on Oct 11, 2022.
             Was a Follower of Kikubaaqudgha.
             Slain by Grinder (8 damage)
             ... on level 4 of the Dungeon.
             The game lasted 00:19:43 (3754 turns).

gzilladon the Shield-Bearer (Gnoll Fighter)         Turns: 3754, Time: 00:19:43

Health: -5/67      AC: 16    Str: 17    XL:     8   Next: 21%
Magic:  12/12      EV:  6    Int:  8    God:    Kikubaaqudgha [*.....]
Gold:   229        SH:  6    Dex: 18    Spells: 13/13 levels left

rFire   . . .      SeeInvis +    a - +0 war axe
rCold   . . .      Faith    .    c - +0 buckler
rNeg    . . .      Spirit   .    B - +0 plate armour
rPois   .          Reflect  .    w - +0 helmet
rElec   .          Harm     .    (no cloak)
rCorr   .          Rampage  .    s - +0 pair of gloves
Will    .....                    (no boots)
Stlth   ..........               (no amulet)
HPRegen 0.31/turn                g - +6 ring of dexterity
MPRegen 0.13/turn                l - ring of see invisible

@: no status effects
A: fangs 1, strong nose, distributed training
a: Renounce Religion, Unearth Wretches


You were on level 4 of the Dungeon.
You worshipped Kikubaaqudgha.
Kikubaaqudgha was aware of your devotion.
You visited 1 branch of the dungeon, and saw 4 of its levels.

You collected 229 gold pieces.

Inventory:

Hand Weapons
 a - a +0 war axe (weapon)
Missiles
 f - 11 boomerangs (quivered)
 j - 23 stones
Armour
 b - a +0 scale mail
 c - a +0 buckler (worn)
 n - a +0 chain mail
 s - a +0 pair of gloves (worn)
 w - a +0 helmet (worn)
 B - a +0 plate armour (worn)
Jewellery
 g - a +6 ring of dexterity (left hand)
 l - a ring of see invisible (right hand)
Wands
 D - a wand of polymorph (4)
 F - a wand of flame (7)
Scrolls
 h - 3 scrolls of teleportation {unknown}
 i - 3 scrolls of identify {unknown}
 m - 3 scrolls of magic mapping {unknown}
 o - a scroll of vulnerability {unknown}
 p - 2 scrolls of summoning {unknown}
 t - 2 scrolls of immolation {unknown}
 y - a scroll of fear {unknown}
 z - a scroll of enchant weapon {unknown}
 A - a scroll of blinking {unknown}
 C - a scroll of noise {unknown}
 E - a scroll of amnesia {unknown}
 G - a scroll of enchant armour {unknown}
Potions
 d - a potion of flight {unknown}
 e - 4 potions of ambrosia {unknown}
 k - a potion of brilliance {unknown}
 q - 2 potions of attraction {unknown}
 r - 2 potions of cancellation {unknown}
 u - a potion of berserk rage {unknown}
 v - 2 potions of heal wounds {unknown}
 x - a potion of curing {unknown}


   Skills:
 + Level 7.3 Fighting
 + Level 3.2 Short Blades
 + Level 3.2 Long Blades
 + Level 5.6 Axes
 + Level 3.2 Maces & Flails
 + Level 3.2 Polearms
 + Level 3.2 Staves
 + Level 3.2 Ranged Weapons
 + Level 3.2 Throwing
 + Level 7.3 Armour
 + Level 3.2 Dodging
 + Level 3.2 Stealth
 + Level 7.3 Shields
 + Level 3.2 Unarmed Combat
 + Level 3.2 Spellcasting
 + Level 2.6 Conjurations
 + Level 2.6 Hexes
 + Level 2.6 Summonings
 + Level 2.6 Necromancy
 + Level 2.6 Translocations
 + Level 2.6 Transmutations
 + Level 2.6 Fire Magic
 + Level 2.6 Ice Magic
 + Level 2.6 Air Magic
 + Level 2.6 Earth Magic
 + Level 2.6 Poison Magic
 + Level 3.5 Invocations
 + Level 3.2 Evocations


You had 13 spell levels left.
You didn't know any spells.
Your spell library contained the following spells:

 Spells                   Type           Power      Damage    Failure   Level
 Kiss of Death            Conj/Necr      20%        2d7       99%         1
 Magic Dart               Conj           20%        1d4       99%         1
 Necrotise                Necr           20%        1d5       99%         1
 Sandblast                Erth           10%        2d5       99%         1
 Call Imp                 Summ           5%         N/A       100%        2
 Cigotuvi's Dreadful Rot  Necr/Pois/Air  10%        N/A       100%        2
 Passwall                 Tmut/Erth      4%         N/A       100%        2
 Mephitic Cloud           Conj/Pois/Air  5%         N/A       100%        3
 Ozocubu's Armour         Ice            5%         N/A       100%        3
 Stone Arrow              Conj/Erth      10%        3d7       100%        3
 Vampiric Draining        Necr           5%         2d6       100%        3
 Vhi's Electric Charge    Tloc/Air       10%        N/A       100%        3
 Arcjolt                  Conj/Air       2%         1d12      100%        5
 Yara's Violent Unravell  Hex/Tmut       2%         3d3       100%        5
 Enfeeble                 Hex            2%         N/A       100%        7
 Ozocubu's Refrigeration  Ice            2%         4d8       100%        7
 Maxwell's Capacitive Co  Air            2%         ∞         100%        8


Dungeon Overview and Level Annotations

Branches:
Dungeon (4/15)
 Temple: D:4-7

Altars:
Dithmenos
Hepliaklqana
Kikubaaqudgha
Nemelex Xobeh
Qazlal
Sif Muna
Vehumet
Xom

Annotations:
D:3 1 runed translucent door, Crazy Yiuf
D:4 Grinder


Innate Abilities, Weirdness & Mutations

You have very sharp teeth.
Your uncanny sense of smell can sniff out nearby items.
Your experience applies equally to all skills.


Message History

You closely miss Blork the orc. You bite Blork the orc.
Blork the orc is heavily wounded.
You barely miss Grinder.
Blork the orc hits you with a +0 war axe!
Grinder hits you but does no damage. Blork the orc barely misses you.
You hit Blork the orc.
Blork the orc is severely wounded.
You hit Grinder.
Blork the orc hits you with a +0 war axe!
Grinder hits you but does no damage. Blork the orc casts a spell at you.
The puff of frost hits you.
* * * LOW HITPOINT WARNING * * *
You slash Blork the orc!
You kill Blork the orc!
Kikubaaqudgha accepts your kill.
You barely miss Grinder. Grinder hits you.
* * * LOW HITPOINT WARNING * * *
You writhe in agony.
* * * LOW HITPOINT WARNING * * *
You block Grinder's attack.
You slash Grinder!
Grinder is heavily wounded.
Grinder hits you!
* * * LOW HITPOINT WARNING * * *
You writhe in agony.
* * * LOW HITPOINT WARNING * * *
You closely miss Grinder. You bite Grinder, but do no damage.
Grinder is heavily wounded.
Grinder gestures at you.
You struggle to resist.
You closely miss Grinder.
Grinder is heavily wounded.
Grinder gestures at you.
You struggle to resist.
You barely miss Grinder. You bite Grinder, but do no damage.
Grinder is heavily wounded.
Grinder hits you!
You die...
Kikubaaqudgha rasps: "You have failed me!
Welcome... death!"

#######................. ###
#.##...)....##..#.
##.############.)......#####.##.
#............)...###...####...#.
##.######).####..# #......#.).#.
#.# ###.# #..####..####.).## #.#
#...####........##....... #.#
###)#.##....####.##........
#.###)........@.# #.#....≈≈≈..
#..)..)#...#.)5.# ###...≈≈≈≈≈.
#####.###.###...# #...≈≈..)≈≈
#..#.†.#....# #...≈≈.>.≈≈
#...._.÷....# #...≈≈...≈≈
#..#...#....# ##...≈≈≈≈≈.
#.###.###...# #....≈≈≈..
#..#...#....... ##........
#).........#### ##.......


You could see Grinder.

Vanquished Creatures
  A steam dragon (D:4)
  An orc warrior (D:4)
  An ogre (D:4)
  A phantom (D:4)
  Blork the orc (D:4)
  A scorpion (D:4)
  A howler monkey (D:4)
  2 vampire bats (D:3)
  2 jellies (D:4)
  Natasha (D:3)
  Ijyb (D:4)
  3 orc wizards (D:4)
  Robin (D:3)
  2 adders (D:3)
  8 gnolls
  2 worms
  2 dart slugs
  13 orcs
  6 ball pythons
  4 bat skeletons (D:3)
  A bat zombie (D:3)
  10 endoplasms
  2 giant cockroaches (D:2)
  12 goblins
  6 hobgoblins
  4 kobolds
  4 quokkas
  2 bats
  4 frilled lizards
  3 rats
102 creatures vanquished.

Vanquished Creatures (others)
  A goblin (D:4)
1 creature vanquished.

Grand Total: 103 creatures vanquished

Notes
Turn   | Place    | Note
-------+----------+-------------------------------------------
     0 | D:1      | gzilladon the Gnoll Fighter began the quest for the Orb.
     0 | D:1      | Reached XP level 1. HP: 23/23 MP: 1/1
   247 | D:1      | Reached XP level 2. HP: 29/29 MP: 2/2
   832 | D:2      | Reached XP level 3. HP: 31/35 MP: 3/3
  1218 | D:2      | Reached skill level 1 in Invocations
  1355 | D:3      | Reached skill level 1 in Short Blades
  1355 | D:3      | Reached skill level 1 in Long Blades
  1355 | D:3      | Reached skill level 1 in Maces & Flails
  1355 | D:3      | Reached skill level 1 in Polearms
  1355 | D:3      | Reached skill level 1 in Staves
  1355 | D:3      | Reached skill level 1 in Ranged Weapons
  1355 | D:3      | Reached skill level 1 in Throwing
  1355 | D:3      | Reached skill level 1 in Dodging
  1355 | D:3      | Reached skill level 1 in Stealth
  1355 | D:3      | Reached skill level 1 in Unarmed Combat
  1355 | D:3      | Reached skill level 1 in Spellcasting
  1355 | D:3      | Reached skill level 1 in Evocations
  1481 | D:3      | Found an ancient bone altar of Kikubaaqudgha.
  1504 | D:3      | Reached skill level 1 in Conjurations
  1504 | D:3      | Reached skill level 1 in Hexes
  1504 | D:3      | Reached skill level 1 in Summonings
  1504 | D:3      | Reached skill level 1 in Necromancy
  1504 | D:3      | Reached skill level 1 in Translocations
  1504 | D:3      | Reached skill level 1 in Transmutations
  1504 | D:3      | Reached skill level 1 in Fire Magic
  1504 | D:3      | Reached skill level 1 in Ice Magic
  1504 | D:3      | Reached skill level 1 in Air Magic
  1504 | D:3      | Reached skill level 1 in Earth Magic
  1504 | D:3      | Reached skill level 1 in Poison Magic
  1504 | D:3      | Reached XP level 4. HP: 41/41 MP: 4/6
  1504 | D:3      | Reached XP level 5. HP: 47/47 MP: 4/7
  1518 | D:3      | Became a worshipper of Kikubaaqudgha
  1564 | D:3      | Noticed Robin
  1578 | D:3      | Killed Robin
  1808 | D:3      | Found a runed translucent door.
  1808 | D:3      | Noticed Natasha
  1809 | D:3      | Noticed Crazy Yiuf
  1815 | D:3      | Killed Natasha
  1917 | D:3      | Reached XP level 6. HP: 48/53 MP: 8/8
  1933 | D:3      | Found a stormy altar of Qazlal.
  2218 | D:3      | Found a hazy altar of Hepliaklqana.
  2219 | D:3      | Found a shadowy altar of Dithmenos.
  2222 | D:3      | Noticed a shadow
  2304 | D:3      | Reached skill level 5 in Axes
  2398 | D:4      | Noticed an orc warrior
  2406 | D:4      | Killed an orc warrior
  2411 | D:4      | Reached * piety under Kikubaaqudgha
  2411 | D:4      | Received a gift from Kikubaaqudgha
  2461 | D:4      | Noticed Ijyb
  2473 | D:4      | Killed Ijyb
  2531 | D:4      | Found a sparkling altar of Nemelex Xobeh.
  2696 | D:4      | Reached XP level 7. HP: 32/60 MP: 10/10
  2858 | D:4      | Noticed a steam dragon
  2868 | D:4      | Killed a steam dragon
  3154 | D:4      | Found a shimmering altar of Xom.
  3322 | D:4      | Found a radiant altar of Vehumet.
  3332 | D:4      | Reached XP level 8. HP: 57/67 MP: 12/12
  3686 | D:4      | Found a shimmering blue altar of Sif Muna.
  3728 | D:4      | Noticed Grinder
  3729 | D:4      | Paralysed by Grinder for 3 turns
  3736 | D:4      | Noticed Blork the orc
  3739 | D:4      | Paralysed by Grinder for 5 turns
  3750 | D:4      | Killed Blork the orc
  3751 | D:4      | HP: 2/67 [Grinder (6)]
  3754 | D:4      | Slain by Grinder

Illustrated notes

Levels and vault maps discovered:
D:1:      mrwooster_arrival_statue_3, layout_loops_ring
D:2:      layout_rooms, kennysheep_generic_room_10
D:3:      layout_loops_cross, riverfiend_overflow_shadow_ancestor,
          kennysheep_vampire_church, old_standard_altar, uniq_robin,
          uniq_crazy_yiuf_cottage, uniq_natasha
D:4:      layout_loops_ring, tgw_sif, vehumet_crystals, dk_xom_monty_hall,
          nemelex_spade_bored_becter, minmay_starry_boxes, uniq_blork_the_orc,
          uniq_grinder, uniq_ijyb

Skill      XL: |  1  2  3  4  5  6  7 |
---------------+----------------------+-----
Invocations    | 1 2 3 |  3.5
Short Blades   | 1 2 3 |  3.2
Long Blades    | 1 2 3 |  3.2
Maces & Flails | 1 2 3 |  3.2
Polearms       | 1 2 3 |  3.2
Staves         | 1 2 3 |  3.2
Ranged Weapons | 1 2 3 |  3.2
Throwing       | 1 2 3 |  3.2
Dodging        | 1 2 3 |  3.2
Stealth        | 1 2 3 |  3.2
Unarmed Combat | 1 2 3 |  3.2
Spellcasting   | 1 2 3 |  3.2
Evocations     | 1 2 3 |  3.2
Conjurations   | 1 2 |  2.6
Hexes          | 1 2 |  2.6
Summonings     | 1 2 |  2.6
Necromancy     | 1 2 |  2.6
Translocations | 1 2 |  2.6
Transmutations | 1 2 |  2.6
Fire Magic     | 1 2 |  2.6
Ice Magic      | 1 2 |  2.6
Air Magic      | 1 2 |  2.6
Earth Magic    | 1 2 |  2.6
Poison Magic   | 1 2 |  2.6
Axes           | 5 |  5.6
Fighting       | 7 |  7.3
Armour         | 7 |  7.3
Shields        | 7 |  7.3

Action                   |  1- 3 |  4- 6 |  7- 9 || total
-------------------------+-------+-------+-------++-------
Melee: War axe           |   101 |    97 |    82 ||   280
       Bite              |     9 |    13 |     9 ||    31
       Unarmed           |       |     4 |       ||     4
Throw: Boomerang         |       |       |    10 ||    10
  Use: Potion            |       |     1 |     1 ||     2
 Stab: Confused          |       |     1 |       ||     1
Armor: Scale mail        |    10 |       |       ||    10
       Chain mail        |    70 |    62 |       ||   132
       Plate armour      |       |    14 |    58 ||    72
Dodge: Dodged            |    57 |    19 |    20 ||    96
Block: Buckler           |    46 |    31 |    20 ||    97

Table legend: (Time is in decaauts)
 A = Elapsed time spent in this place.
 B = Non-inter-level travel time spent in this place.
 C = Inter-level travel time spent in this place.
 D = Time resting spent in this place.
 E = Time spent auto-exploring this place.
 F = Levels seen in this place.
 G = Mean time per level.
                   A        B        C        D        E       F      G
               +--------+--------+--------+--------+--------+-----+--------+
         Total |   3833 |   3365 |    468 |    521 |      0 |   4 |  958.2 |
       Dungeon |   3833 |   3365 |    468 |    521 |      0 |   4 |  958.2 |
               +--------+--------+--------+--------+--------+-----+--------+

Top non-repeatable levels by time:
     D:4: 1433 daAuts
     D:3: 1041 daAuts
     D:1: 715 daAuts
     D:2: 642 daAuts
